 Dungeon Crawl Stone Soup version 0.32-a0-136-gc02482bde3 (webtiles) character file.

Game seed: 10572471635914169344

70 Ceno the Sneak (level 4, 0/28 HPs)
             Began as an Octopode Shapeshifter on Feb 10, 2024.
             Slain by Terence
             ... wielding a +0 mace
              (12 damage)
             ... on level 3 of the Dungeon.
             The game lasted 00:03:02 (1708 turns).

Ceno the Sneak (Octopode Shapeshifter)              Turns: 1708, Time: 00:03:02

Health: 0/28       AC:  1    Str: 13    XL:     4   Next: 22%
Magic:  4/4        EV: 13    Int: 12    God:
Gold:   117        SH:  0    Dex: 13    Spells: 3/3 levels left

rFire   . .          .
                       - Unarmed
rCold   . . .        (no shield)
rNeg    + . .        (helmet currently unavailable)
rPois   .            (no amulet)
rElec   .            d - ring of flight
rCorr   .            g - ring of positive energy
SInv    .            (no ring)
Will    .....        (no ring)
Stlth   +++          (no ring)
HPRegen 0.24/turn    (no ring)
MPRegen 0.09/turn    (no ring)
                     (no ring)

%: no passive effects
@: beast-form, flying
A: beast (slay +1), almost no armour, amphibious, 8 rings, camouflage 1,
gelatinous body 1, (nimble swimmer 1), tentacles
a: Begin Untransformation


You were on level 3 of the Dungeon.
You were a hulking beast.
You visited 1 branch of the dungeon, and saw 3 of its levels.

You collected 117 gold pieces.

Inventory:

Missiles
 e - 19 stones (quivered)
Jewellery
 d - a ring of flight (left tentacle)
 g - a ring of positive energy (right tentacle)
Talismans
 b - a beast talisman
 c - a flux talisman
Scrolls
 k - a scroll of enchant armour {unknown}
Potions
 a - a potion of lignification
 f - a potion of haste {unknown}
 h - a potion of curing {unknown}
 i - 2 potions of mutation {unknown}
 j - a potion of might {unknown}
 l - a potion of degeneration {unknown}


   Skills:
 - Level 1.0 Fighting
 - Level 2.0 Dodging
 * Level 3.8 Stealth
 + Level 3.5 Unarmed Combat
 + Level 3.4 Shapeshifting


You had 3 spell levels left.
You didn't know any spells.
Your spell library contained the following spells:

 Spells                   Type           Power      Damage    Failure   Level
 Magic Dart               Conj           0%         1d3       32%         1
 Ensorcelled Hibernation  Hex/Ice        0%         N/A       45%         2
 Searing Ray              Conj           0%         2d4       45%         2
 Fugue of the Fallen      Necr           0%         N/A       69%         3
 Anguish                  Hex/Necr       0%         N/A       97%         4
 Fulminant Prism          Conj/Alch      0%         3d5       97%         4


Dungeon Overview and Level Annotations

Branches:
Dungeon (3/15)

Altars:

Shops:
D:1 *

Annotations:
D:3 Terence


Innate Abilities, Weirdness & Mutations

You are a hulking beast.
Your limbs bulge with bestial killing power. (Slay +1)
You cannot wear most types of armour.
You are amphibious.
You can wear up to eight rings at the same time.
Your skin changes colour to match your surroundings (Stealth+).
Your rubbery body absorbs attacks. (AC +1, EV +1)
((You are camouflaged when in or above water. (Stealth+)))
You have tentacles for arms and can constrict up to eight enemies at once.


Message History

Found a stone staircase leading up.
You reach down and open the gate.
There is an open gate here.
You reach down and open the gate.
There is an open gate here.
l - a silvery potion
There is an open gate here.
You reach down and open the gate.
There is an open gate here.
A ribbon worm comes into view.
Terence the Incautious comes into view.
He is wielding a +0 mace and carrying a wand of flame.
Terence shouts!
Terence asks, "Do you want it fast or slow?"
Terence bares his teeth.
Terence shouts, "Get ready for death!"
There is an open gate here.
There is an open gate here.
Terence zaps a wand.
The puff of flame hits you.
You barely miss Terence. Your grab misses Terence. You tentacle-slap Terence.
You grab Terence. You squeeze Terence, but do no damage.
Terence is lightly wounded.
You constrict Terence, but do no damage.
Terence barely misses you.
You tentacle-slap Terence. You squeeze Terence.
Terence is moderately wounded.
You constrict Terence.
Terence zaps a wand.
The puff of flame hits you!
You tentacle-slap Terence.
Terence is heavily wounded.
You constrict Terence, but do no damage.
Terence zaps a wand.
The puff of flame misses you.
You tentacle-slap Terence but do no damage.
Terence is moderately wounded.
You constrict Terence, but do no damage.
Terence hits you with a +0 mace.
You tentacle-slap Terence. You squeeze Terence, but do no damage.
Terence is heavily wounded.
You constrict Terence. Terence hits you with a +0 mace!
You die...
Terence says, "That felt goooood."

.#.#.#.#.#.#.#...'.##############
#.#.#.#.#.#.#.#..'.#
...#...#...#...#.###
#.#.#.#.#.#.#.#..#
.#...#.#.#...#..###
..#.#.#.#.#.#..##.#
#..#...#...#..###.#
##..#.#.#.#..####.##########
##..#...#..###.h..........#
##.@.....####@############
###'''###....# #...@...####
#########


You could see Terence.

Vanquished Creatures
  3 adders (D:2)
  A dart slug (D:2)
  3 endoplasms
  2 giant cockroaches
  3 hobgoblins
  4 jackals (D:1)
  4 ball pythons
  4 bats
  4 frilled lizards
  4 goblins
  6 kobolds
  4 rats
42 creatures vanquished.

Notes
Turn   | Place    | Note
-------+----------+-------------------------------------------
     0 | D:1      | Ceno the Octopode Shapeshifter began the quest for the Orb.
     0 | D:1      | Reached XP level 1. HP: 13/13 MP: 1/1
   213 | D:1      | Reached skill level 1 in Stealth
   215 | D:1      | Reached XP level 2. HP: 18/18 MP: 2/2
   337 | D:1      | Found Sonat's Assorted Antiques.
  1011 | D:2      | Reached XP level 3. HP: 22/23 MP: 3/3
  1334 | D:2      | Reached XP level 4. HP: 28/28 MP: 4/4
  1669 | D:3      | Noticed Terence
  1708 | D:3      | Slain by Terence

Illustrated notes

Levels and vault maps discovered:
D:1:      dpeg_arrival_renting, layout_basic, serial_shops, shop
D:2:      layout_basic, minmay_distorted
D:3:      layout_basic, cheibrodos_ashenzari_chains, serial_shops,
          nicolae_shop_rolling_square, gammafunk_ghost_necromancy,
          ebering_ecumenical_altar_abandoned, kennysheep_cluttered_room,
          supply_closet_lemuel, st_stairs_10, serial_bayou_lagoon_a,
          nicolae_goblin_pals, uniq_terence

Skill      XL: |  1  2  3 |
---------------+----------+-----
Stealth        | 1 2 3 |  3.8
Fighting       | |  1.0
Dodging        | |  2.0
Unarmed Combat | |  3.5
Shapeshifting  | |  3.4

Action                     |  1- 3 |  4- 6 || total
---------------------------+-------+-------++-------
  Melee: Unarmed           |    65 |    15 ||    80
         Tentacles         |    16 |     5 ||    21
         Constrict         |    15 |     3 ||    18
         Punch             |     1 |       ||     1
  Throw: Stone             |     1 |       ||     1
   Stab: Sleeping          |     4 |     1 ||     5
         Distracted        |     1 |       ||     1
 Armour: Skin              |    21 |     7 ||    28
  Dodge: Dodged            |    35 |     8 ||    43

Table legend: (Time is in decaauts)
 A = Elapsed time spent in this place.
 B = Non-inter-level travel time spent in this place.
 C = Inter-level travel time spent in this place.
 D = Time resting spent in this place.
 E = Time spent auto-exploring this place.
 F = Levels seen in this place.
 G = Mean time per level.
                   A        B        C        D        E       F      G
               +--------+--------+--------+--------+--------+-----+--------+
         Total |   1701 |   1641 |     60 |      8 |   1268 |   3 |  567.0 |
       Dungeon |   1701 |   1641 |     60 |      8 |   1268 |   3 |  567.0 |
               +--------+--------+--------+--------+--------+-----+--------+

Top non-repeatable levels by time:
     D:1: 951 daAuts
     D:2: 599 daAuts
     D:3: 151 daAuts
